 Dungeon Crawl Stone Soup version 0.21.0-3-g78d12a8bdd (webtiles) character file.

1593 Hat the Carver (level 8, -1/70 HPs)
             Began as a Minotaur Fighter on Jan 11, 2018.
             Shot with an arrow by a centaur (4 damage)
             ... on level 6 of the Dungeon.
             The game lasted 00:39:17 (5437 turns).

Hat the Carver (Minotaur Fighter)                   Turns: 5437, Time: 00:39:17

Health: -1/70      AC: 13    Str: 22    XL:     8   Next: 61%
Magic:  7/7        EV:  5    Int:  5    God:
Gold:   221        SH: 10    Dex: 11    Spells: 7/7 levels left

rFire    . . .     SeeInvis +   a - +0 long sword
rCold    . . .     Gourm    .   c - +0 shield
rNeg     . . .     Faith    .   s - +0 plate armour
rPois    .         Spirit   .   (helmet restricted)
rElec    .         Reflect  .   (no cloak)
rCorr    +         Harm     .   (no gloves)
MR       .....                  (no boots)
Stlth    ..........             (no amulet)
HPRegen  0.21/turn              l - ring of see invisible
MPRegen  0.10/turn              v - ring of resist corrosion

@: no status effects
A: retaliatory headbutt, horns 2
a: no special abilities


You were on level 6 of the Dungeon.
You were hungry.

You visited 1 branch of the dungeon, and saw 6 of its levels.

You collected 221 gold pieces.

Inventory:

Hand Weapons
 a - a +0 long sword (weapon)
 y - a +0 falchion
 B - a +0 arbalest
Armour
 c - a +0 shield (worn)
 s - a +0 plate armour (worn)
Jewellery
 g - an uncursed ring of wizardry
 l - a ring of see invisible (left hand)
 r - an uncursed ring of poison resistance {unknown}
 v - a ring of resist corrosion (right hand)
Scrolls
 b - 2 scrolls of fear
 e - a scroll of blinking {unknown}
 j - a scroll of immolation
 k - a scroll of magic mapping
 p - 6 scrolls of teleportation
 t - a scroll of enchant weapon
 A - a scroll of identify
Potions
 d - a potion of might
 h - 2 potions of curing {unknown}
 i - a potion of cancellation {unknown}
 m - a potion of heal wounds {unknown}
 n - 2 potions of lignification {unknown}
 o - 4 potions of flight {unknown}
 q - a potion of mutation {unknown}
 u - a potion of invisibility {unknown}
 w - a potion of agility {unknown}
Comestibles
 f - 13 rations
 z - 16 chunks of flesh


   Skills:
 + Level 6.0 Fighting
 + Level 9.3 Long Blades
 + Level 6.6 Armour
 + Level 2.0 Dodging
 + Level 0.1 Stealth
 + Level 6.5 Shields


You had 7 spell levels left.
You didn't know any spells.

Dungeon Overview and Level Annotations

Branches:
Dungeon (6/15)             Temple (0/1) D:6

Altars:
Okawaru
Qazlal
Trog
Uskayaw
Vehumet
Wu Jian

Shops:
D:5 ?

Annotations:
D:5 exclusion: statue
D:6 Prince Ribbit


Innate Abilities, Weirdness & Mutations

You reflexively headbutt those who attack you in melee.
You have a pair of horns on your head.


Message History

The gnoll sergeant hits you from afar with a trident.
You block the gnoll's attack. The centaur hits you.
Your shield and plate armour prevent you from hitting the centaur.
The centaur is heavily wounded.
The centaur hits you.
* * * LOW HITPOINT WARNING * * *
You block the gnoll sergeant's attack. The gnoll hits you but does no damage.
The centaur wields an uncursed shortbow.
The centaur shoots an arrow.
The arrow hits you!
* * * LOW HITPOINT WARNING * * *
You see here 3 arrows.
The centaur shoots an arrow.
The arrow hits you.
* * * LOW HITPOINT WARNING * * *
The centaur shoots an arrow.
The arrow hits you.
* * * LOW HITPOINT WARNING * * *
You see here an arrow.
The centaur shoots an arrow.
The arrow hits you.
* * * LOW HITPOINT WARNING * * *
The centaur shoots an arrow.
The arrow hits you.
You die...

......................
...............##................
................##..####.....####
................#....###.....#
......................##...###
..............>......)##<.##
...............#.....<[(.##
#............#......(.##
#....(..((g[..@......##
####..((g####.#..........
.......5g.##............##
........g.c(g.........#...
#.........##................
#......................<....
#....................(.......
#.......$........##>..##.
............###.# ...#


You could see a gnoll sergeant, a centaur and 2 gnolls.

Vanquished Creatures
  Menkaure (D:4)
  Duvessa (D:5)
  An ice beast (D:5)
  An ogre (D:4)
  Blork the orc (D:4)
  A bullfrog (D:5)
  Dowan (D:5)
  3 scorpions
  A centaur zombie (D:5)
  A crimson imp (D:6)
  Crazy Yiuf (D:5)
  A hound (D:5)
  4 orc priests
  2 orc wizards
  3 iguanas
  Natasha (thrice) (D:2)
  5 worker ants
  Robin (D:2)
  10 adders
  3 gnolls (D:3)
  A howler monkey skeleton (D:4)
  A shadow imp (D:6)
  An ooze (D:1)
  2 adder skeletons (D:4)
  3 worms
  4 dart slugs
  5 leopard geckos
  26 orcs
  3 giant cockroaches
  7 goblins
  10 hobgoblins
  10 kobolds
  2 quokkas (D:5)
  A ball python (D:5)
  5 bats
  5 frilled lizards
  A leopard gecko zombie (D:5)
  10 rats
142 creatures vanquished.

Notes
Turn   | Place    | Note
-------+----------+-------------------------------------------
     0 | D:1      | Hat the Minotaur Fighter began the quest for the Orb.
     0 | D:1      | Reached XP level 1. HP: 19/19 MP: 0/0
    58 | D:1      | Reached XP level 2. HP: 10/27 MP: 1/1
   532 | D:1      | Reached XP level 3. HP: 33/33 MP: 2/2
   797 | D:2      | Reached skill level 3 in Long Blades
   818 | D:2      | Noticed Robin
   832 | D:2      | Killed Robin
   956 | D:2      | Reached XP level 4. HP: 34/40 MP: 3/3
   988 | D:2      | Noticed Natasha
   997 | D:2      | Killed Natasha
  1002 | D:2      | Noticed Natasha
  1006 | D:2      | Killed Natasha
  1006 | D:2      | Reached skill level 4 in Long Blades
  1093 | D:2      | Reached XP level 5. HP: 47/47 MP: 4/4
  1370 | D:2      | Noticed Natasha
  1375 | D:2      | Killed Natasha
  1769 | D:3      | Reached skill level 5 in Long Blades
  1994 | D:3      | Reached XP level 6. HP: 46/53 MP: 5/5
  2192 | D:3      | Reached skill level 1 in Dodging
  2479 | D:3      | Reached skill level 5 in Shields
  2626 | D:4      | Noticed Menkaure
  2636 | D:4      | Killed Menkaure
  2636 | D:4      | Reached skill level 6 in Long Blades
  2787 | D:4      | Reached skill level 5 in Fighting
  2837 | D:4      | Reached XP level 7. HP: 51/61 MP: 6/6
  2896 | D:4      | Reached skill level 7 in Long Blades
  2902 | D:4      | Reached skill level 5 in Armour
  3209 | D:4      | Found an ornate altar of the Wu Jian Council.
  3291 | D:4      | Noticed Blork the orc
  3306 | D:4      | Killed Blork the orc
  3601 | D:4      | Found a stormy altar of Qazlal.
  3689 | D:4      | Found a bloodstained altar of Trog.
  3843 | D:5      | Entered Level 5 of the Dungeon
  3918 | D:5      | Reached skill level 8 in Long Blades
  3952 | D:5      | Reached XP level 8. HP: 53/69 MP: 7/7
  4170 | D:5      | Found a hide-covered altar of Uskayaw.
  4445 | D:5      | Found a radiant altar of Vehumet.
  4635 | D:5      | Noticed Dowan
  4649 | D:5      | Killed Dowan
  4651 | D:5      | Noticed Duvessa
  4669 | D:5      | Killed Duvessa
  4867 | D:5      | Found a runed door.
  4871 | D:5      | Noticed Crazy Yiuf
  4875 | D:5      | Killed Crazy Yiuf
  4928 | D:5      | Found Upeiklemn's Magic Scroll Shoppe.
  5270 | D:5      | Reached skill level 9 in Long Blades
  5327 | D:6      | Found an iron altar of Okawaru.
  5338 | D:6      | Found a staircase to the Ecumenical Temple.
  5338 | D:6      | Noticed Prince Ribbit
  5435 | D:6      | HP: 3/70 [centaur/arrow (5)]
  5437 | D:6      | Shot with an arrow by a centaur

Skill      XL: |  1  2  3  4  5  6  7  8 |
---------------+-------------------------+-----
Shields        | 4 5 6 |  6.5
Armour         | 4 5 6 |  6.6
Fighting       | 4 5 6 |  6.0
Long Blades    | 3 4 5 6 8 9 |  9.3
Dodging        | 1 2 |  2.0
Stealth        | |  0.1

Action                   |  1- 3 |  4- 6 |  7- 9 || total
-------------------------+-------+-------+-------++-------
Melee: Long sword        |    90 |   169 |   244 ||   503
       Headbutt          |    10 |    29 |    48 ||    87
  Use: Scroll            |       |     3 |     8 ||    11
  Eat: Chunk             |       |     5 |     3 ||     8
       Ration            |       |     1 |     1 ||     2
Armor: Scale mail        |    30 |    34 |       ||    64
       Plate armour      |       |    13 |    94 ||   107
Dodge: Dodged            |    16 |    32 |    29 ||    77
Block: Shield            |    38 |    67 |   111 ||   216
       Rpst.: Long sword |     1 |    10 |    14 ||    25
